PCL
SPOKANE TRAPPERS @ CALGARY COWBOYS
05/30/2023
 
TOP OF THE 1ST
Spokane Trappers batting - Pitching for Calgary Cowboys : RHP Eric Bell
Pitching: RHP Eric Bell
Batting: RHB Pedro Guzmán 0-0: Called Strike
0-1: Ball
1-1: Ball
2-1: SINGLE (Line Drive, 6D)
Batting: RHB Mario Hernández 0-0: Ball
1-0: Ball
Pedro Guzmán steals 2nd base
2-0: Ball
3-0: Called Strike
3-1: Base on Balls
Batting: SHB Esteban Silva 0-0: Ball
1-0: Foul Ball, location: 2F
1-1: Called Strike
1-2: Strikes out swinging
Batting: LHB Juan Cortés 0-0: Ball
1-0: Foul Ball, location: 2F
1-1: Fly out, F7 (Flyball, 7S)
Batting: RHB John Craig 0-0: Called Strike
0-1: Ball
1-1: Ball
2-1: Ball
3-1: Called Strike
3-2: Foul Ball, location: 2F
3-2: Base on Balls
Pedro Guzmán to third
Mario Hernández to second
Batting: LHB José Feliciano 0-0: Foul Ball, location: 2F
0-1: Fly out, F8 (Flyball, 8LXD)
Top of the 1st over - 0 run(s), 1 hit(s), 0 error(s), 3 left on base; Spokane 0 - Calgary 0
BOTTOM OF THE 1ST
Calgary Cowboys batting - Pitching for Spokane Trappers : LHP Alberto Cabrera
Pitching: LHP Alberto Cabrera
Batting: RHB Clark Hodge 0-0: Ball
1-0: Ball
2-0: SINGLE (Flyball, 9LS)
Batting: SHB Juan Acevado 0-0: Ball
1-0: Called Strike
1-1: Swinging Strike
1-2: Strikes out swinging
Batting: RHB Dan Wyatt 0-0: Ball
1-0: Ground out 4-3 (Groundball, 4M)
Clark Hodge to second
Batting: RHB Cristián Peña 0-0: Ball
1-0: Foul Ball, location: 2F
1-1: Ball
2-1: Called Strike
2-2: Ball
3-2: Foul Ball, location: 2F
3-2: Foul Ball, location: 2F
3-2: Foul Ball, location: 2F
3-2: Ground out 5-3 (Groundball, 5S)
Bottom of the 1st over - 0 run(s), 1 hit(s), 0 error(s), 1 left on base; Spokane 0 - Calgary 0
TOP OF THE 2ND
Spokane Trappers batting - Pitching for Calgary Cowboys : RHP Eric Bell
Batting: RHB Félix Tremblay 0-0: Swinging Strike
0-1: Ball
1-1: Ball
2-1: Foul Ball, location: 2F
2-2: Ball
3-2: Foul Ball, location: 2F
3-2: Foul Ball, location: 2F
3-2: Base on Balls
Batting: RHB Hyo-sang Yu 0-0: Ball
Félix Tremblay steals 2nd base
1-0: Called Strike
1-1: Foul Ball, location: 2F
1-2: Ground out 1-3 (Groundball, 23)
Félix Tremblay to third
Batting: RHB Dani Rodríguez 0-0: Ball
1-0: Foul Ball, location: 2F
1-1: Ball
2-1: Foul Ball, location: 2F
2-2: Foul Ball, location: 2F
2-2: Fly out, F3 (Popup, 3F)
Batting: RHB Pedro Guzmán 0-0: Called Strike
0-1: Ball
1-1: Fly out, F8 (Flyball, 8LD)
Top of the 2nd over - 0 run(s), 0 hit(s), 0 error(s), 1 left on base; Spokane 0 - Calgary 0
BOTTOM OF THE 2ND
Calgary Cowboys batting - Pitching for Spokane Trappers : LHP Alberto Cabrera
Batting: LHB Al Ryan 0-0: Ground out 1-3 (Groundball, 25)
Batting: RHB Ramón Martínez 0-0: Foul Ball, location: 2F
0-1: Swinging Strike
0-2: Foul Ball, location: 2F
0-2: Ground out 6-3 (Groundball, 6)
Batting: RHB Jesús Hernández 0-0: Ball
1-0: Called Strike
1-1: Fly out, F7 (Flyball, 7LM)
Bottom of the 2nd over - 0 run(s), 0 hit(s), 0 error(s), 0 left on base; Spokane 0 - Calgary 0
TOP OF THE 3RD
Spokane Trappers batting - Pitching for Calgary Cowboys : RHP Eric Bell
Batting: RHB Mario Hernández 0-0: Called Strike
0-1: SINGLE (Groundball, 6M)
Batting: SHB Esteban Silva 0-0: Ball
1-0: Swinging Strike
1-1: Ball
2-1: SINGLE (Line Drive, 34)
Mario Hernández to second
Batting: LHB Juan Cortés 0-0: Called Strike
0-1: Fly out, F3 (Popup, 23)
Batting: RHB John Craig 0-0: Called Strike
0-1: Ground out 5-3 (Groundball, 5S)
Mario Hernández to third
Esteban Silva to second
Batting: LHB José Feliciano 0-0: Ground out U3 (Groundball, 3S)
Top of the 3rd over - 0 run(s), 2 hit(s), 0 error(s), 2 left on base; Spokane 0 - Calgary 0
BOTTOM OF THE 3RD
Calgary Cowboys batting - Pitching for Spokane Trappers : LHP Alberto Cabrera
Batting: RHB Tom Yarbrough 0-0: Foul Ball, location: 2F
0-1: Swinging Strike
0-2: Foul Ball, location: 2F
0-2: Foul Ball, location: 2F
0-2: Ground out 6-3 (Groundball, 56)
Batting: RHB Iain Liefting 0-0: Ball
1-0: Called Strike
1-1: Swinging Strike
1-2: Foul Ball, location: 2F
1-2: Hit by Pitch
Batting: RHB Clark Hodge 0-0: Ball
1-0: Ball
2-0: Ball
3-0: Called Strike
3-1: Base on Balls
Iain Liefting to second
Batting: SHB Juan Acevado 0-0: Called Strike
0-1: Called Strike
0-2: Ball
1-2: Ball
2-2: Foul Ball, location: 2F
2-2: Foul Ball, location: 2F
2-2: Foul Ball, location: 2F
2-2: SINGLE (Groundball, 4MD)
Iain Liefting to third
Clark Hodge to second
Runner from 3rd tries for Home, SAFE, throw made home
Clark Hodge to third
Juan Acevado to second
Batting: RHB Dan Wyatt 0-0: Ball
1-0: Swinging Strike
1-1: Ball
2-1: Foul Ball, location: 2F
2-2: Ball
3-2: Fly out, F6 (Line Drive, 6M)
3-2: Lined into DP, U6 (Line Drive, 6M)
Bottom of the 3rd over - 1 run(s), 1 hit(s), 0 error(s), 1 left on base; Spokane 0 - Calgary 1
TOP OF THE 4TH
Spokane Trappers batting - Pitching for Calgary Cowboys : RHP Eric Bell
Batting: RHB Félix Tremblay 0-0: Ball
1-0: Foul Ball, location: 2F
1-1: Foul Ball, location: 2F
1-2: SINGLE (Groundball, 6MD)
Batting: RHB Hyo-sang Yu 0-0: Called Strike
0-1: Called Strike
0-2: Foul Ball, location: 2F
0-2: Ball
1-2: Strikes out swinging
Batting: RHB Dani Rodríguez 0-0: Ball
1-0: Grounds into double play, 4-6-3 (Groundball, 4)
Top of the 4th over - 0 run(s), 1 hit(s), 0 error(s), 0 left on base; Spokane 0 - Calgary 1
BOTTOM OF THE 4TH
Calgary Cowboys batting - Pitching for Spokane Trappers : LHP Alberto Cabrera
Batting: RHB Cristián Peña 0-0: Swinging Strike
0-1: Swinging Strike
0-2: Ball
1-2: Strikes out looking
Batting: LHB Al Ryan 0-0: Swinging Strike
0-1: Ball
1-1: Swinging Strike
1-2: Fly out, F7 (Line Drive, 7M)
Batting: RHB Ramón Martínez 0-0: Fly out, F7 (Line Drive, 7S)
Bottom of the 4th over - 0 run(s), 0 hit(s), 0 error(s), 0 left on base; Spokane 0 - Calgary 1
TOP OF THE 5TH
Spokane Trappers batting - Pitching for Calgary Cowboys : RHP Eric Bell
Batting: RHB Pedro Guzmán 0-0: Ball
1-0: Fly out, F8 (Flyball, 8LXD)
Batting: RHB Mario Hernández 0-0: Swinging Strike
0-1: Ball
1-1: Ball
2-1: Called Strike
2-2: Ball
3-2: Fly out, F4 (Popup, 4)
Batting: SHB Esteban Silva 0-0: Ball
1-0: Called Strike
1-1: Ground out 4-3 (Groundball, 34)
Top of the 5th over - 0 run(s), 0 hit(s), 0 error(s), 0 left on base; Spokane 0 - Calgary 1
BOTTOM OF THE 5TH
Calgary Cowboys batting - Pitching for Spokane Trappers : LHP Alberto Cabrera
Batting: RHB Jesús Hernández 0-0: Called Strike
0-1: Called Strike
0-2: Ground out 6-3 (Groundball, 6M)
Batting: RHB Tom Yarbrough 0-0: Swinging Strike
0-1: Ground out U3 (Groundball, 3S)
Batting: RHB Iain Liefting 0-0: Ball
1-0: DOUBLE (Line Drive, 3L)
Batting: RHB Clark Hodge 0-0: Ball
1-0: Ball
2-0: Called Strike
2-1: Swinging Strike
2-2: Ground out 6-3 (Groundball, 6)
Bottom of the 5th over - 0 run(s), 1 hit(s), 0 error(s), 1 left on base; Spokane 0 - Calgary 1
TOP OF THE 6TH
Spokane Trappers batting - Pitching for Calgary Cowboys : RHP Eric Bell
Batting: LHB Juan Cortés 0-0: Ball
1-0: Called Strike
Single, Error in OF, E9, batter to second base
Batting: RHB John Craig 0-0: Ball
1-0: Foul Ball, location: 2F
1-1: Called Strike
1-2: Ball
2-2: Ball
3-2: Fly out, F9 (Flyball, 9S)
Batting: LHB José Feliciano 0-0: Called Strike
Juan Cortés is caught stealing 3rd base
0-1: Fly out, F8 (Flyball, 8LM)
Top of the 6th over - 0 run(s), 1 hit(s), 1 error(s), 0 left on base; Spokane 0 - Calgary 1
BOTTOM OF THE 6TH
Calgary Cowboys batting - Pitching for Spokane Trappers : LHP Alberto Cabrera
Batting: SHB Juan Acevado 0-0: Ground out 5-3 (Groundball, 5S)
Batting: RHB Dan Wyatt 0-0: Ball
1-0: Ground out 5-3 (Groundball, 5S)
Batting: RHB Cristián Peña 0-0: Foul Ball, location: 2F
0-1: Ground out 6-3 (Groundball, 6)
Bottom of the 6th over - 0 run(s), 0 hit(s), 0 error(s), 0 left on base; Spokane 0 - Calgary 1
TOP OF THE 7TH
Spokane Trappers batting - Pitching for Calgary Cowboys : RHP Eric Bell
Batting: RHB Félix Tremblay 0-0: Ball
1-0: Swinging Strike
1-1: Foul Ball, location: 2F
1-2: Foul Ball, location: 2F
1-2: Ball
2-2: Foul Ball, location: 2F
2-2: Ball
3-2: DOUBLE (Flyball, 89D)
Pinch Hitting: LHB Henry Leroux 0-0: Called Strike
0-1: SINGLE (Flyball, 7LS)
Félix Tremblay to third
Runner from 3rd tries for Home, SAFE, no throw or cutoff
Pitching: RHP Richard Boyd
Batting: RHB Dani Rodríguez 0-0: Ball
1-0: Ball
2-0: Sac Bunt - play at first, batter OUT! 5-4
Henry Leroux to second
Batting: RHB Pedro Guzmán 0-0: Ball
1-0: Ground out 6-3 (Groundball, 6)
Batting: RHB Mario Hernández 0-0: Ball
1-0: Ball
2-0: Called Strike
2-1: Fly out, F7 (Flyball, 78M)
Top of the 7th over - 1 run(s), 2 hit(s), 0 error(s), 1 left on base; Spokane 1 - Calgary 1
BOTTOM OF THE 7TH
Calgary Cowboys batting - Pitching for Spokane Trappers : LHP Alberto Cabrera
Pitching: LHP Miguel Martínez
Now in LF: Henry Leroux
Pinch Hitting: RHB Jorge Balencia 0-0: Ball
1-0: Ball
2-0: SINGLE (Line Drive, 34)
Batting: RHB Ramón Martínez 0-0: Sac Bunt - play at first, batter OUT! 3-4
Jorge Balencia to second
Batting: RHB Jesús Hernández 0-0: Swinging Strike
0-1: Foul Ball, location: 2F
0-2: Strikes out looking
Pinch Hitting: RHB Shayne Burry 0-0: Called Strike
0-1: Foul Ball, location: 2F
0-2: Ball
1-2: Ball
2-2: DOUBLE (Line Drive, 89XD)
Jorge Balencia scores
Batting: RHB Iain Liefting 0-0: Called Strike
0-1: Swinging Strike
0-2: Ball
1-2: Ball
2-2: Strikes out swinging
Bottom of the 7th over - 1 run(s), 2 hit(s), 0 error(s), 1 left on base; Spokane 1 - Calgary 2
TOP OF THE 8TH
Spokane Trappers batting - Pitching for Calgary Cowboys : RHP Richard Boyd
Pitching: RHP Luis Antonio Martínez
Now at 2B: Jorge Balencia
Now in LF: Júlio Soto
Batting: SHB Esteban Silva 0-0: Swinging Strike
0-1: Swinging Strike
0-2: Strikes out swinging
Batting: LHB Juan Cortés 0-0: Ball
1-0: Ball
2-0: Ground out 4-3 (Groundball, 34)
Batting: RHB John Craig 0-0: Ball
1-0: Ball
2-0: Ball
3-0: Called Strike
3-1: Base on Balls
Batting: LHB José Feliciano 0-0: Foul Ball, location: 2F
0-1: Hit by Pitch
John Craig to second
Pinch Hitting: SHB António Hinojosa 0-0: Foul Ball, location: 2F
0-1: Ball
1-1: Ground out U3 (Groundball, 3L)
Top of the 8th over - 0 run(s), 0 hit(s), 0 error(s), 2 left on base; Spokane 1 - Calgary 2
BOTTOM OF THE 8TH
Calgary Cowboys batting - Pitching for Spokane Trappers : LHP Miguel Martínez
Now in CF: Pete Carter
Batting: RHB Clark Hodge 0-0: Ball
1-0: Ball
2-0: Foul Ball, location: 2F
2-1: Ball
3-1: Base on Balls
Batting: SHB Juan Acevado 0-0: Called Strike
0-1: Bunt missed!
0-2: Ball
1-2: SINGLE (Line Drive, 34)
Clark Hodge to second
Runner from 2nd tries for 3rd, SAFE, no throw or cutoff
Batting: RHB Dan Wyatt 0-0: Ball
1-0: Ball
2-0: Ball
3-0: Called Strike
3-1: Swinging Strike
3-2: Fly out, F9 (Flyball, 89M)
Runner from 3rd tags up, SCORES, no throw
Batting: RHB Cristián Peña 0-0: Ball
1-0: Ball
2-0: Foul Ball, location: 2F
2-1: Foul Ball, location: 2F
2-2: Strikes out swinging
Batting: RHB Jorge Balencia 0-0: Ball
1-0: Foul Ball, location: 2F
1-1: Ball
2-1: Swinging Strike
2-2: Strikes out swinging
Bottom of the 8th over - 1 run(s), 1 hit(s), 0 error(s), 1 left on base; Spokane 1 - Calgary 3
TOP OF THE 9TH
Spokane Trappers batting - Pitching for Calgary Cowboys : RHP Luis Antonio Martínez
Pitching: LHP Alfredo Durán
Batting: LHB Henry Leroux 0-0: Foul Ball, location: 2F
0-1: Called Strike
0-2: Strikes out swinging
Batting: RHB Dani Rodríguez 0-0: Ball
1-0: SINGLE (Groundball, 4M)
Batting: RHB Pedro Guzmán 0-0: Grounds into double play, 4-6-3 (Groundball, 4)
Top of the 9th over - 0 run(s), 1 hit(s), 0 error(s), 0 left on base; Spokane 1 - Calgary 3
This league is powered by Out of the Park Baseball, the baseball management simulation game for PC, Mac and Linux
Wednesday, December 2nd, 2015 - OOTP Baseball 16.8 Build 38